 Dungeon Crawl Stone Soup version 0.31-a0-845-g9abc20d24f (webtiles) character file.

Game seed: 5401469351343892575

79 CowFu the Conjurer (level 4, -4/33 HPs)
             Began as a Draconian Conjurer on Oct 2, 2023.
             Blown up by Ijyb (6 damage)
             ... with a mindburst bolt
             ... on level 3 of the Dungeon.
             The game lasted 00:03:17 (2535 turns).

CowFu the Conjurer (Draconian Conjurer)             Turns: 2535, Time: 00:03:17

Health: -4/33      AC:  5    Str: 10    XL:     4   Next: 16%
Magic:  7/7        EV: 12    Int: 20    God:
Gold:   170        SH:  0    Dex:  9    Spells: 4/7 levels left

rFire   . . .        j - +1 dagger (elec)
rCold   . . .        (no shield)
rNeg    . . .        (body armour unavailable)
rPois   .            (helmet restricted)
rElec   .            (no cloak)
rCorr   .            (no gloves)
SInv    .            (no boots)
Will    .....        (no amulet)
Stlth   ++           (no ring)
HPRegen 0.25/turn    (no ring)
MPRegen 0.10/turn

%: no passive effects
@: no status effects
A: AC +5, unfitting armour, cold-blooded
a: no special abilities


You were on level 3 of the Dungeon.
You visited 1 branch of the dungeon, and saw 3 of its levels.

You collected 170 gold pieces.

Inventory:

Hand Weapons
 f - a +0 rapier
 j - a +1 dagger of electrocution (weapon)
Scrolls
 b - 2 scrolls of blinking {unknown}
 c - a scroll of enchant armour {unknown}
 d - 2 scrolls of immolation {unknown}
 e - a scroll of teleportation {unknown}
 g - 3 scrolls of identify {unknown}
 i - a scroll of poison {unknown}
 k - a scroll of vulnerability {unknown}
Potions
 h - a potion of might {unknown}
 l - a potion of attraction {unknown}


   Skills:
 - Level 1.7 Dodging
 - Level 1.7 Stealth
 - Level 2.0 Spellcasting
 + Level 5.7 Conjurations


You had 4 spell levels left.
You knew the following spells:

 Your Spells              Type           Power      Damage    Failure   Level
a - Magic Dart            Conj           100%       1d8       1%          1
b - Searing Ray           Conj           50%        2d6       2%          2

Your spell library contained the following spells:

 Spells                   Type           Power      Damage    Failure   Level
 Dazzling Flash           Conj/Hex       26%        N/A       14%         3
 Fulminant Prism          Conj/Hex       6%         3d7       43%         4
 Iskenderun's Mystic Bla  Conj/Tloc      13%        2d5       43%         4


Dungeon Overview and Level Annotations

Branches:
Dungeon (3/15)

Altars:
Wu Jian

Shops:
D:1 :

Annotations:
D:3 Ijyb


Innate Abilities, Weirdness & Mutations

Your plain brown scales are hard. (AC +5)
You cannot fit into any form of body armour.
You are cold-blooded and may be slowed by cold attacks.


Message History

Ijyb is nearby!
Ijyb is nearby!
Ijyb is nearby!
The magic dart hits Ijyb.
Ijyb is lightly wounded.
Ijyb shouts!
Casting: Magic Dart (safe; 1% risk of failure)
Confirm with . or Enter, or press ? or * to list all spells.
Aiming: Searing Ray (safe; 2% risk of failure)
Press: ? - help, Shift-Dir - straight line, f/p - Ijyb
Aim: Ijyb, wielding a +0 dagger, wearing a +0 ring mail and carrying a wand of mindburst (lightly wounded, 77% to hit)
The searing ray hits Ijyb but does no damage.
Ijyb is lightly wounded. (Press . to maintain the ray.) Ijyb screams, "Me stronger than you!"
Without enough magic to sustain it, your searing ray dissipates.
Ijyb zaps a wand.
Your mind is blasted!
Casting: Searing Ray (safe; 2% risk of failure)
Confirm with . or Enter, or press ? or * to list all spells.
You don't have enough magic to cast this spell.
Unknown command.
Press < or > to pray at altars.
Casting: Searing Ray (safe; 2% risk of failure)
Confirm with . or Enter, or press ? or * to list all spells.
You don't have enough magic to cast this spell.
Unknown command.
Press < or > to pray at altars.
Ijyb closely misses you.
You hit Ijyb but do no damage.
Ijyb is lightly wounded.
Ijyb zaps a wand.
Your mind is blasted!
Ouch! That really hurt!
* * * LOW HITPOINT WARNING * * *
The hobgoblin shouts!
You closely miss Ijyb.
Ijyb is lightly wounded.
Ijyb hits you with a +0 dagger.
* * * LOW HITPOINT WARNING * * *
Magic courses through your body.
Ijyb zaps a wand.
Your mind is blasted!
You die...

... #.# #.# #........#
.. ..# ..# #.##.##..# .
... .## ####.##.##..#
#.## ## #...........# ..
#####....#..#..##
#......#..#....#
..#######..............#
#......._..##..#.##.####
#######..@g##.#..##.#
####.........(###
...##r#.......#
#..##..........
...............
#...............
#.......<.......
#.....rg........
...............


You could see Ijyb and a rat.

Vanquished Creatures
  Robin (D:3)
  2 adders
  4 dart slugs
  6 endoplasms
  A giant cockroach (D:1)
  7 goblins
  2 hobgoblins (D:2)
  A quokka (D:1)
  2 ball pythons
  5 bats
  2 frilled lizards (D:3)
  3 kobolds
  6 rats
42 creatures vanquished.

Notes
Turn   | Place    | Note
-------+----------+-------------------------------------------
     0 | D:1      | CowFu the Draconian Conjurer began the quest for the Orb.
     0 | D:1      | Reached XP level 1. HP: 14/14 MP: 3/3
   361 | D:1      | Found Ciemufuon's Book Emporium.
   372 | D:1      | Reached XP level 2. HP: 20/20 MP: 0/5
  1329 | D:2      | Reached skill level 5 in Conjurations
  1329 | D:2      | Reached XP level 3. HP: 24/26 MP: 1/6
  1332 | D:2      | Learned a level 2 spell: Searing Ray
  2094 | D:3      | Noticed Ijyb
  2095 | D:3      | Noticed Robin
  2123 | D:3      | Found an ornate altar of the Wu Jian Council.
  2449 | D:3      | Reached XP level 4. HP: 33/33 MP: 5/7
  2510 | D:3      | Found a faded altar of an unknown god.
  2519 | D:3      | Killed Robin
  2535 | D:3      | Blown up by Ijyb

Illustrated notes

Levels and vault maps discovered:
D:1:      ebering_hopf_link, layout_rooms, serial_forest,
          infiniplex_forest_corner_2, infiniplex_forest_corner_1,
          infiniplex_forest_lined_room_2, infiniplex_forest_lined_room_2,
          infiniplex_forest_straight_2, infiniplex_forest_lined_room_2,
          infiniplex_forest_zigzag_2, infiniplex_forest_end_2,
          infiniplex_forest_lined_3_way, serial_shops,
          nicolae_shop_tiny_statue_garden, amcnicky_mini_corridor_feature,
          grunt_decor_arrowhead
D:2:      layout_loops_cross, serial_glass, glass_columns_b, glass_columns_b
D:3:      layout_rooms, mainiacjoe_overflow_cross_hatched,
          nicolae_overflow_hidden_temple, basic_ecumenical_altar,
          hangedman_abyss_or_decor_lesser_grid, nicolae_goblin_pals

Skill      XL: |  1  2 |
---------------+-------+-----
Conjurations   | 5 |  5.7
Dodging        | |  1.7
Stealth        | |  1.7
Spellcasting   | |  2.0

Action                     |  1- 3 |  4- 6 || total
---------------------------+-------+-------++-------
  Melee: Unarmed           |    30 |       ||    30
         Tailslap          |    47 |       ||    47
         Rapier            |   175 |       ||   175
         Dagger            |     1 |     2 ||     3
   Cast: Magic Dart        |    86 |     2 ||    88
         Searing Ray       |       |     2 ||     2
    Use: Potion            |       |     1 ||     1
 Armour: Skin              |    13 |     1 ||    14
  Dodge: Dodged            |    21 |     3 ||    24

Table legend: (Time is in decaauts)
 A = Elapsed time spent in this place.
 B = Non-inter-level travel time spent in this place.
 C = Inter-level travel time spent in this place.
 D = Time resting spent in this place.
 E = Time spent auto-exploring this place.
 F = Levels seen in this place.
 G = Mean time per level.
                   A        B        C        D        E       F      G
               +--------+--------+--------+--------+--------+-----+--------+
         Total |   2570 |   2513 |     57 |      0 |   1967 |   3 |  856.7 |
       Dungeon |   2570 |   2513 |     57 |      0 |   1967 |   3 |  856.7 |
               +--------+--------+--------+--------+--------+-----+--------+

Top non-repeatable levels by time:
     D:1: 1357 daAuts
     D:2: 798 daAuts
     D:3: 414 daAuts
